 Dungeon Crawl Stone Soup version 0.22-a0-542-gce4f928 (webtiles) character file.

3216 vierth the Cleaver (level 9, 0/81 HPs)
             Began as a Minotaur Fighter on June 24, 2018.
             Was a Follower of Makhleb.
             Slain by a two-headed ogre
             ... wielding a +0 giant club
              (7 damage)
             ... on level 8 of the Dungeon.
             The game lasted 00:15:29 (7961 turns).

vierth the Cleaver (Minotaur Fighter)               Turns: 7961, Time: 00:15:29

Health: 0/81       AC: 15    Str: 24    XL:     9   Next: 65%
Magic:  8/8        EV:  5    Int:  5    God:    Makhleb [*.....]
Gold:   392        SH: 11    Dex: 10    Spells: 8/8 levels left

rFire    . . .     SeeInvis .   a - +0 war axe
rCold    . . .     Gourm    .   c - +0 shield
rNeg     . . .     Faith    .   I - +0 plate armour
rPois    .         Spirit   .   (helmet restricted)
rElec    .         Reflect  .   (no cloak)
rCorr    .         Harm     .   u - +0 pair of gloves
MR       +....                  (no boots)
Stlth    ..........             (no amulet)
HPRegen  0.23/turn              (no ring)
MPRegen  0.11/turn              p - ring of protection from magic

@: no status effects
A: retaliatory headbutt, horns 2
a: Renounce Religion


You were on level 8 of the Dungeon.
You worshipped Makhleb.
Makhleb was aware of your devotion.
You were not hungry.

You visited 2 branches of the dungeon, and saw 9 of its levels.

You collected 392 gold pieces.

Inventory:

Hand Weapons
 a - a +0 war axe (weapon)
 r - a +0 flail
 F - a +0 mace
 G - a +0 hand axe of electrocution
Armour
 c - a +0 shield (worn)
 u - a +0 pair of gloves (worn)
 I - a +0 plate armour (worn)
Jewellery
 o - an uncursed ring of ice
 p - a ring of protection from magic (right hand)
 y - an uncursed ring of ice
 K - an uncursed ring of poison resistance {unknown}
Wands
 q - a wand of flame (26)
 C - a wand of digging (10)
 E - a wand of random effects (36)
 H - a wand of acid (5)
Scrolls
 b - 2 scrolls of blinking {unknown}
 h - 2 scrolls of remove curse
 i - 2 scrolls of immolation {unknown}
 k - 4 scrolls of enchant weapon {unknown}
 m - a scroll of identify
 n - 4 scrolls of teleportation {unknown}
 s - 2 scrolls of fear {unknown}
 v - a scroll of fog {unknown}
 x - a scroll of magic mapping {unknown}
 B - 2 scrolls of amnesia {unknown}
 J - a scroll of random uselessness {unknown}
Potions
 d - 2 potions of might
 e - a potion of cancellation {unknown}
 g - 4 potions of lignification
 j - a potion of resistance
 l - 3 potions of brilliance {unknown}
 t - 4 potions of heal wounds
 w - a potion of berserk rage {unknown}
 z - 3 potions of magic {unknown}
 A - 2 potions of invisibility {unknown}
 D - 3 potions of curing {unknown}
Comestibles
 f - 8 rations


   Skills:
 + Level 8.2 Fighting
 * Level 10.4 Axes
 + Level 8.2 Armour
 + Level 8.2 Shields


You had 8 spell levels left.
You didn't know any spells.
Your spell library was empty.

Dungeon Overview and Level Annotations

Branches:
Dungeon (8/15)             Temple (1/1) D:4
   Lair: D:8-11

Altars:
Ashenzari
Cheibriados
Dithmenos
Elyvilon
Fedhas
Gozag
Hepliaklqana
Kikubaaqudgha
Makhleb
Nemelex Xobeh
Okawaru
Qazlal
Ru
Sif Muna
Trog
Uskayaw
Xom
Yredelemnul
Zin
The Shining One

Shops:
D:4 (


Innate Abilities, Weirdness & Mutations

You reflexively headbutt those who attack you in melee.
You have a pair of horns on your head.


Message History

The two-headed ogre hits you but does no damage.
You block the two-headed ogre's attack.
You hit the two-headed ogre.
The two-headed ogre is almost dead.
You block the two-headed ogre's attack. x2
You completely miss the two-headed ogre.
The two-headed ogre is severely wounded.
You block the two-headed ogre's attack. x2
You hit the two-headed ogre but do no damage.
Your headbutt misses the two-headed ogre.
The two-headed ogre is severely wounded.
The two-headed ogre hits you with a giant club!
The two-headed ogre hits you with a dire flail!
* * * LOW HITPOINT WARNING * * *
You slash the two-headed ogre! You headbutt the two-headed ogre.
The two-headed ogre is almost dead.
The two-headed ogre hits you with a giant club!
* * * LOW HITPOINT WARNING * * *
The two-headed ogre hits you with a dire flail!
You die...

#... #... #... #..) #...
##### ###. #...# #.
#..############...#####.
...(..O@.†..............
......)).######.......##
.........# ##......#
#........# #......#
....###### ######## ....
#.. #.


You could see a two-headed ogre.

Vanquished Creatures
  A hippogriff (D:7)
  Eustachio (D:6)
  Duvessa (D:5)
  3 orc warriors
  3 ice beasts
  2 sky beasts
  2 black bears (D:6)
  A phantom (D:6)
  3 centaurs (D:7)
  3 ogres
  2 bullfrogs (D:7)
  Dowan (D:5)
  A scorpion (D:5)
  5 wights (D:8)
  3 howler monkeys
  A bullfrog zombie (D:8)
  A crimson imp (D:7)
  A quasit (D:7)
  A hound (D:7)
  A centaur skeleton (D:5)
  Ijyb (D:5)
  2 iguanas (D:4)
  Natasha (thrice) (D:4)
  4 orc wizards
  A worker ant (D:4)
  A hound skeleton (D:7)
  4 gnolls (D:6)
  15 adders
  2 oozes (D:1)
  An adder skeleton (D:7)
  3 worms
  2 dart slugs (D:1)
  7 leopard geckos
  12 orcs
  9 bats
  5 giant cockroaches
  7 goblins
  8 hobgoblins
  5 jackals
  3 quokkas
  4 ball pythons
  2 frilled lizards
  2 jackal skeletons (D:5)
  7 kobolds
  4 rats
151 creatures vanquished.

Notes
Turn   | Place    | Note
-------+----------+-------------------------------------------
     0 | D:1      | vierth the Minotaur Fighter began the quest for the Orb.
     0 | D:1      | Reached XP level 1. HP: 19/19 MP: 0/0
   361 | D:1      | Reached XP level 2. HP: 27/27 MP: 1/1
   481 | D:1      | Reached skill level 3 in Axes
   518 | D:1      | Reached XP level 3. HP: 33/33 MP: 2/2
  1225 | D:2      | Reached XP level 4. HP: 36/40 MP: 3/3
  1605 | D:2      | Reached skill level 4 in Axes
  2017 | D:3      | Reached XP level 5. HP: 41/47 MP: 4/4
  2824 | D:4      | Reached skill level 5 in Axes
  2824 | D:4      | Reached skill level 5 in Shields
  2824 | D:4      | Reached XP level 6. HP: 51/55 MP: 5/5
  2830 | D:4      | Found a shadowy altar of Dithmenos.
  2830 | D:4      | Found a glowing golden altar of the Shining One.
  2830 | D:4      | Found a sacrificial altar of Ru.
  2926 | D:4      | Noticed Natasha
  2930 | D:4      | Killed Natasha
  2930 | D:4      | Reached skill level 5 in Fighting
  2985 | D:4      | Found a sparkling altar of Nemelex Xobeh.
  2994 | D:4      | Reached skill level 5 in Armour
  3003 | D:4      | You fall through a shaft for 2 floors!
  3003 | D:6      | Noticed Eustachio
  3023 | D:5      | Entered Level 5 of the Dungeon
  3027 | D:5      | Found an opulent altar of Gozag.
  3508 | D:6      | Killed Eustachio
  3508 | D:6      | Reached skill level 6 in Axes
  3508 | D:6      | Reached XP level 7. HP: 45/61 MP: 6/6
  4079 | D:4      | Noticed Natasha
  4081 | D:4      | Killed Natasha
  4081 | D:4      | Reached skill level 7 in Axes
  4365 | D:4      | Noticed Natasha
  4369 | D:4      | Killed Natasha
  4431 | D:4      | Found Hitruirr's Weapon Emporium.
  4651 | D:4      | Found a staircase to the Ecumenical Temple.
  4676 | Temple   | Entered the Ecumenical Temple
  4968 | Temple   | Became a worshipper of Makhleb the Destroyer
  5096 | D:5      | Noticed Ijyb
  5102 | D:5      | Killed Ijyb
  5102 | D:5      | Reached XP level 8. HP: 70/70 MP: 7/7
  5165 | D:5      | Noticed Dowan
  5166 | D:5      | Noticed Duvessa
  5171 | D:5      | Killed Duvessa
  5191 | D:5      | Killed Dowan
  5552 | D:6      | Reached skill level 8 in Axes
  5996 | D:6      | Found a shimmering altar of Xom.
  6785 | D:7      | Reached skill level 9 in Axes
  6995 | D:7      | Reached XP level 9. HP: 60/79 MP: 8/8
  7616 | D:7      | Reached * piety under Makhleb
  7616 | D:7      | Reached skill level 10 in Axes
  7945 | D:8      | Noticed a two-headed ogre
  7961 | D:8      | Slain by a two-headed ogre

Vault maps used:
D:1:      saegor_arrival_simple_a, wad_floor_pattern_untrapped
D:3:      first_ration
D:4:      gammafunk_temple_overflow_forgotten,
          nemelex_xobeh_ov_fountains_minmay, minmay_temple_entry_nine_rooms,
          serial_shops, shop_coins, uniq_natasha
D:5:      nicolae_overflow_hidden_temple, uniq_duvessa, uniq_ijyb
D:6:      xom_butterflies, grunt_decor_arrowhead, uniq_eustachio
D:8:      vehumet_crystals
Temple:   minmay_temple_curvy_branch

Skill      XL: |  1  2  3  4  5  6  7  8  9 |
---------------+----------------------------+-----
Fighting       | 4 5 6 7 8 |  8.2
Axes           | 3 4 5 6 7 9 10 | 10.4
Shields        | 4 5 6 7 8 |  8.2
Armour         | 4 5 6 7 8 |  8.2

Action                   |  1- 3 |  4- 6 |  7- 9 || total
-------------------------+-------+-------+-------++-------
Melee: War axe           |    96 |   185 |   272 ||   553
       Headbutt          |    13 |    29 |    58 ||   100
  Use: Scroll            |       |     2 |     3 ||     5
  Eat: Ration            |     1 |     2 |     4 ||     7
Armor: Scale mail        |    53 |   110 |    73 ||   236
       Plate armour      |       |       |    33 ||    33
Dodge: Dodged            |    30 |    73 |    65 ||   168
Block: Shield            |    70 |   131 |   158 ||   359

Table legend:
 A = Spawn XP
 B = Non-spawn XP
 C = Spawn XP percentage of total XP
 D = Spawn monster count
 E = Non-spawn monster count
 F = Spawn count percentage of total count
 G = Total turns spent on level
                    A         B        C        D         E        F      G
               +---------+---------+-------+---------+---------+-------+---------
         Total |       0 |    4595 |   0.0 |       0 |     151 |   0.0 |  7961
               +---------+---------+-------+---------+---------+-------+---------
           D:1 |       0 |      59 |   0.0 |       0 |      26 |   0.0 |   953
           D:2 |       0 |     121 |   0.0 |       0 |      19 |   0.0 |  1019
           D:3 |       0 |     172 |   0.0 |       0 |      31 |   0.0 |   832
           D:4 |       0 |     277 |   0.0 |       0 |       9 |   0.0 |   856
           D:5 |       0 |     632 |   0.0 |       0 |      14 |   0.0 |  1055
           D:6 |       0 |    1005 |   0.0 |       0 |      14 |   0.0 |  1655
           D:7 |       0 |    1729 |   0.0 |       0 |      27 |   0.0 |  1063
           D:8 |       0 |     600 |   0.0 |       0 |      11 |   0.0 |   213
               +---------+---------+-------+---------+---------+-------+---------
